 Dungeon Crawl Stone Soup version 0.25-a0-488-g03579ab4a3 (webtiles) character file.

Game seed: 16727877951038257419, levelgen mode: deterministic

105 Error4North the Ducker (level 4, -17/37 HPs)
             Began as a Draconian Skald on Feb 11, 2020.
             Blown up by Ijyb (25 damage)
             ... with a disintegration bolt
             ... on level 2 of the Dungeon.
             The game lasted 00:11:47 (2350 turns).

Error4North the Ducker (Draconian Skald)            Turns: 2350, Time: 00:11:47

Health: -17/37     AC:  6    Str: 14    XL:     4   Next: 53%
Magic:  5/7        EV: 13    Int: 13    God:
Gold:   55         SH:  0    Dex: 11    Spells: 6/7 levels left

rFire    . . .     SeeInvis .   a - +0 falchion
rCold    . . .     Gourm    .   (no shield)
rNeg     . . .     Faith    .   (armour unavailable)
rPois    .         Spirit   .   (helmet restricted)
rElec    .         Reflect  .   d - +0 cloak
rCorr    .         Harm     .   (no gloves)
MR       .....                  (no boots)
Stlth    ++........             (no amulet)
HPRegen  0.12/turn              (no ring)
MPRegen  0.10/turn              (no ring)

@: infused (expiring)
A: unfitting armour, cold-blooded, AC +5
a: no special abilities


You were on level 2 of the Dungeon.
You were not hungry.

You visited 1 branch of the dungeon, and saw 3 of its levels.

You collected 55 gold pieces.

Inventory:

Hand Weapons
 a - a +0 falchion (weapon)
Armour
 d - a +0 cloak (worn)
Scrolls
 b - a scroll of magic mapping {unknown}
 f - 4 scrolls of identify {unknown}
 h - a scroll of teleportation {unknown}
 j - a scroll of amnesia {unknown}
 k - a scroll of enchant armour {unknown}
 l - a scroll of random uselessness {unknown}
 m - a scroll of fear {unknown}
 n - a scroll of enchant weapon {unknown}
Potions
 e - a potion of degeneration {unknown}
 g - 3 potions of heal wounds {unknown}
 i - 2 potions of resistance {unknown}
Comestibles
 c - 5 rations
 o - a chunk of flesh


   Skills:
 * Level 2.6 Fighting
 + Level 2.7 Long Blades
 * Level 3.1 Dodging
 * Level 1.4 Stealth
 * Level 0.2 Unarmed Combat
 + Level 2.2 Spellcasting
 + Level 3.0 Charms


You had 6 spell levels left.
You knew the following spells:

 Your Spells              Type           Power        Failure   Level  Hunger
a - Infusion              Chrm           #...         7%          1    ##.....

Your spell library contained the following spells:

 Spells                   Type           Power        Failure   Level  Hunger
 Song of Slaying          Chrm           #.......     11%         2    ###....
 Shroud of Golubria       Chrm/Tloc      #.....       21%         2    ###....
 Ozocubu's Armour         Chrm/Ice       #.......     36%         3    ####...
 Spectral Weapon          Hex/Chrm       #.......     36%         3    ####...


Dungeon Overview and Level Annotations

Branches:
Dungeon (3/15)

Altars:
Ashenzari
Hepliaklqana
Wu Jian

Annotations:
D:2 Ijyb
D:3 Sigmund


Innate Abilities, Weirdness & Mutations

Your plain brown scales are hard. (AC +5)
You cannot fit into any form of body armour.
You are cold-blooded and may be slowed by cold attacks.


Message History

You kill the orc!
You barely miss Ijyb.
Your tail-slap misses Ijyb.
Ijyb hits you with a +0 club.
You hit Ijyb. You punch Ijyb, but do no damage.
Ijyb is lightly wounded.
Ijyb zaps a wand.
You are blasted!
Ouch! That really hurt!
* * * LOW HITPOINT WARNING * * *
Your magical infusion is running out.
Ijyb screams, "Me very upset!"
Ijyb hits you but does no damage.
You climb upwards.
There is a stone staircase leading down here.
You barely miss Ijyb.
Ijyb is lightly wounded.
Ijyb misses you.
You hit Ijyb but do no damage.
Ijyb is lightly wounded.
Ijyb zaps a wand.
You are blasted!
Ouch! That really hurt!
You die...

................##
............)....#
.................#
#####.#########..###### #
#<####............#
#####............####.###
...........###...##..>..#
#####)####.###...##.###.# #.#
##.....g@...# #.#
#.###...##.####.###.#
##.##.#.#.#.# #.....#
####..#.##.##..######.###
.................# #.#
##.####.##.##.##.####.#
##.#####.#............#
............####.####.########
...#######.## #.# #........#


You could see Ijyb.

Vanquished Creatures
  Natasha (D:3)
  2 adders
  An ooze (D:3)
  A dart slug (D:2)
  3 leopard geckos
  4 orcs
  2 ball pythons
  4 bats
  A giant cockroach (D:1)
  7 goblins
  6 hobgoblins
  5 frilled lizards
  7 kobolds
  2 rats
46 creatures vanquished.

Notes
Turn   | Place    | Note
-------+----------+-------------------------------------------
     0 | D:1      | Error4North the Draconian Skald began the quest for the
                  | Orb.
     0 | D:1      | Reached XP level 1. HP: 17/17 MP: 3/3
   135 | D:1      | Reached XP level 2. HP: 23/24 MP: 5/5
   899 | D:1      | Reached XP level 3. HP: 29/29 MP: 6/6
  1114 | D:2      | Found an ornate altar of the Wu Jian Council.
  1358 | D:2      | Found a hazy altar of Hepliaklqana.
  1589 | D:1      | Reached skill level 1 in Stealth
  1779 | D:2      | Found a shattered altar of Ashenzari.
  2090 | D:3      | Noticed Natasha
  2097 | D:3      | Killed Natasha
  2097 | D:3      | Reached XP level 4. HP: 25/37 MP: 7/7
  2139 | D:3      | Noticed Ijyb
  2290 | D:3      | Noticed Sigmund
  2350 | D:2      | Blown up by Ijyb

Levels and vault maps discovered:
D:1:      minmay_arrival_doors, layout_basic, roderic_malta_cross, st_stairs_1,
          minmay_misc_feat_five
D:2:      layout_loops_ring, overflow_temple_1_default, lemuel_doored_altar,
          old_standard_altar
D:3:      layout_rooms, tso_altar, overflow_temple_1_default,
          chequers_serial_rivers_micro_b, uniq_sigmund, uniq_robin,
          uniq_natasha, uniq_ijyb, uniq_jessica

Skill      XL: |  1  2  3 |
---------------+----------+-----
Charms         | 3 |  3.0
Stealth        | 1 |  1.4
Dodging        | 3 |  3.1
Fighting       | |  2.6
Long Blades    | |  2.7
Unarmed Combat | |  0.2
Spellcasting   | |  2.2

Action                   |  1- 3 |  4- 6 || total
-------------------------+-------+-------++-------
Melee: Falchion          |   123 |    34 ||   157
       Tailslap          |    13 |     3 ||    16
       Punch             |       |     1 ||     1
 Cast: Infusion          |     3 |     2 ||     5
  Use: Potion            |     1 |       ||     1
 Stab: Sleeping          |     1 |       ||     1
  Eat: Chunk             |     3 |       ||     3
       Ration            |       |     1 ||     1
Armor: Skin              |    42 |    10 ||    52
Dodge: Dodged            |   110 |    23 ||   133
       Rpst.: Falchion   |    33 |     6 ||    39

Table legend:
 A = Non-vault XP
 B = Vault XP
 C = Vault XP percentage of total XP
 D = Non-vault monster count
 E = Vault monster count
 F = Vault count percentage of total count
                 A         B        C        D         E       F
            +---------+---------+-------+---------+---------+-------
      Total |     110 |      40 |  26.7 |      43 |       3 |   6.5
            +---------+---------+-------+---------+---------+-------
        D:1 |      51 |       4 |   7.3 |      22 |       2 |   8.3
        D:2 |      42 |       0 |   0.0 |      16 |       0 |   0.0
        D:3 |      17 |      36 |  67.9 |       5 |       1 |  16.7
            +---------+---------+-------+---------+---------+-------
